 Dungeon Crawl Stone Soup version 0.31-a0-187-gba352fbbf7 (webtiles) character file.

Game seed: 5803057899209027581

266 qw the Skirmisher (level 6, -1/20 (35) HPs)
             Began as a Deep Elf Hunter on June 22, 2023.
             Killed from afar by Robin (9 damage)
             ... with a puff of flame
             ... on level 3 of the Dungeon.
             The game lasted 00:01:01 (2842 turns).

qw the Skirmisher (Deep Elf Hunter)                 Turns: 2842, Time: 00:01:02

HP:   -1/20 (35)    AC:  7    Str: 10    XL:     6   Next: 0%
MP:   8/8           EV:  9    Int: 14    God:
Gold: 165           SH:  0    Dex: 18    Spells: 5/5 levels left

rFire   . . .        l - +0 shortbow (heavy)
rCold   . . .        (shield currently unavailable)
rNeg    . . .        b - +0 scale mail
rPois   .            (no helmet)
rElec   .            (no cloak)
rCorr   .            d - +0 pair of gloves
SInv    .            (no boots)
Will    .....        (no amulet)
Stlth   +            (no ring)
HPRegen 0.23/turn    (no ring)
MPRegen 0.11/turn

%: no passive effects
@: very heavily drained
A: no striking features
a: no special abilities


You were on level 3 of the Dungeon.
You visited 1 branch of the dungeon, and saw 3 of its levels.
You also visited: Sewer.

You collected 165 gold pieces.


   Skills:
 + Level 1.8 Fighting
 - Level 9.2 Ranged Weapons
 - Level 1.1 Armour
 - Level 2.4 Dodging
 - Level 1.2 Stealth


You had 5 spell levels left.
You didn't know any spells.
Your spell library was empty.

Inventory:

Hand Weapons
 l - a +0 heavy shortbow (weapon)
Armour
 b - a +0 scale mail (worn)
 d - a +0 pair of gloves (worn)
 f - a +0 robe of fire resistance
 i - a +0 ring mail
Scrolls
 a - 3 scrolls of teleportation
 g - a scroll of identify
 h - a scroll of revelation {unknown}
Potions
 c - a potion of resistance {unknown}
 e - 2 potions of heal wounds
 j - a potion of curing {unknown}
 k - a potion of might {unknown}
 m - a potion of haste {unknown}

Dungeon Overview and Level Annotations

Branches:
Dungeon (3/15)              Sewer (visited)

Altars:

Shops:
D:3 =

Annotations:
D:3 Robin


Message History

The goblin hits you but does no damage.
You feel drained.
You shoot an arrow. The arrow hits the goblin!
You kill the goblin!
The goblin hits you with a +0 dagger of draining.
You feel drained. The goblin hits you but does no damage.
You feel drained. The goblin barely misses you.
You shoot an arrow. The arrow barely misses the goblin.
The goblin closely misses you. The goblin hits you but does no damage.
You shoot an arrow. The arrow hits the goblin!!
You kill the goblin!
The goblin barely misses you. The goblin hits you but does no damage.
You feel drained.
The giant cockroach bites you but does no damage.
You shoot an arrow.
The arrow barely misses the giant cockroach.
The goblin no longer looks unusually strong.
The giant cockroach barely misses you. The goblin closely misses you.
Robin throws the goblin at you! The giant cockroach barely misses you.
Robin says, "A pitiful Elf like you will never find the ORB!"
Robin throws the goblin at you! The goblin hits you but does no damage.
The goblin hits you with a +0 dagger.
The goblin hits you with a +0 dagger of draining.
You feel drained.
You shoot an arrow. The arrow hits the giant cockroach!!
You kill the giant cockroach!
The goblin hits you but does no damage. The goblin closely misses you.
The goblin hits you with a +0 dagger.
You have reached level 6!
You shoot an arrow. The arrow barely misses the goblin.
Robin throws the goblin at you! The goblin barely misses you.
The goblin hits you with a +0 dagger. The goblin hits you but does no damage.
You feel drained. The goblin hits you but does no damage.
The goblin closely misses you. The goblin barely misses you.
You shoot an arrow. The arrow hits Robin!
Robin is almost dead.
The goblin no longer looks unusually strong. x2
Robin throws the goblin at you! The goblin hits you with a +0 dagger.
The goblin barely misses you. The goblin hits you but does no damage.
You feel drained.
Robin zaps a wand.
The puff of flame hits you!
You die...

#.......>.....................
#.############################
#.# #.# #.# #.# #.# #########
#.# ###.#g#)))# #.#
##...#g@g#..g# ####.#
#..#..g#.# #g..# .....#
#.##...#.# ..#
.#########....#...# . #######
.##.........#.#.#[)) #......
.##.####################
#.####. .##.#
#.<.............# #.# #. .##.#
#..##########...# #.# #.
.##.####..# #.......# #.# #.


You could see Robin and 3 goblins.

Vanquished Creatures
  3 jellies (Sewer)
  Jessica (D:2)
  7 adders
  4 dart slugs
  8 ball pythons
  13 endoplasms
  5 giant cockroaches
  12 goblins
  2 hobgoblins
  6 quokkas
  4 bats
  3 frilled lizards (Sewer)
  5 kobolds
  8 rats
81 creatures vanquished.

Notes
Turn   | Place    | Note
-------+----------+-------------------------------------------
     0 | D:1      | qw the Deep Elf Hunter began the quest for the Orb.
     0 | D:1      | Reached XP level 1. HP: 12/12 MP: 3/3
     0 | D:1      | 0 ||| qw: Version: 0.3-a-9-g12657ce
     0 | D:1      | 0 ||| qw: Game counter: 2682
     0 | D:1      | 0 ||| qw: Always use a shield: true
     0 | D:1      | 0 ||| qw: God list: Okawaru
     0 | D:1      | 0 ||| qw: Allow faded altars: false
     0 | D:1      | 0 ||| qw: Do Orc after D:15 true
     0 | D:1      | 0 ||| qw: Do second Lair branch before Depths: true
     0 | D:1      | 0 ||| qw: Lair rune preference: random
     0 | D:1      | 0 ||| qw: Plans: Normal
     0 | D:1      | 0 ||| PLANNING D:1-11
   135 | D:1      | Reached skill level 6 in Ranged Weapons
   135 | D:1      | Reached XP level 2. HP: 16/16 MP: 4/4
   170 | D:1      | 170 ||| FLEEEEING.
   588 | D:1      | Reached XP level 3. HP: 20/20 MP: 5/5
   700 | D:1      | 700 ||| READING 2 scrolls labelled VUFOGH ZESIZA.
   703 | D:1      | 703 ||| READING scroll labelled ZITA WOIBLECW.
   748 | D:1      | 748 ||| READING scroll labelled EPTOF NUNEOCYN.
   787 | D:1      | 787 ||| READING scroll labelled WECLETEGIO.
   788 | D:1      | 788 ||| READING scroll labelled DIONOROUCS.
   889 | D:1      | 889 ||| DRINKING 2 red potions.
   890 | D:1      | 890 ||| DROPPING scroll of butterflies.
   951 | D:2      | Reached skill level 7 in Ranged Weapons
   951 | D:2      | Noticed Jessica
   958 | D:2      | Killed Jessica
   959 | D:2      | Reached XP level 4. HP: 25/25 MP: 6/6
  1193 | D:2      | Found a faded altar of an unknown god.
  1745 | D:2      | 1745 ||| UPGRADING to +0 scale mail.
  1755 | D:2      | 1755 ||| DROPPING +0 leather armour.
  1756 | D:2      | 1756 ||| UPGRADING to +0 pair of gloves.
  1761 | D:2      | 1761 ||| READING scroll labelled ECYIFA IPLUDA.
  1762 | D:2      | 1762 ||| READING 3 scrolls of identify.
  1762 | D:2      | 1762 ||| IDENTIFYING ruby potion
  1763 | D:2      | 1763 ||| READING 2 scrolls of identify.
  1763 | D:2      | 1763 ||| IDENTIFYING fizzy golden potion
  1764 | D:2      | 1764 ||| DROPPING potion of attraction.
  1765 | D:2      | 1765 ||| DROPPING potion of invisibility.
  1793 | D:3      | 1793 ||| PLANNING SEWER
  1882 | D:3      | Found Mokkur's Jewellery Shop.
  1887 | D:3      | 1887 ||| SHOPLISTING +5 ring of evasion (396 gold, have
                  | 163).
  1887 | D:3      | 1887 ||| SHOPLISTING +6 ring of dexterity (396 gold, have
                  | 163).
  1887 | D:3      | 1887 ||| SHOPLISTING +6 ring of strength (396 gold, have
                  | 163).
  1887 | D:3      | 1887 ||| SHOPLISTING ring "Juduruif" {+Blink Int+6 Dex+4}
                  | (642 gold, have 163).
  1887 | D:3      | 1887 ||| SHOPLISTING ring of protection from cold (275
                  | gold, have 163).
  1887 | D:3      | 1887 ||| SHOPLISTING ring of protection from fire (275
                  | gold, have 163).
  1887 | D:3      | 1887 ||| SHOPLISTING ring of willpower (275 gold, have
                  | 163).
  2028 | D:3      | Found a glowing drain.
  2048 | D:3      | Reached skill level 8 in Ranged Weapons
  2104 | Sewer    | Entered a sewer
  2197 | Sewer    | Reached XP level 5. HP: 29/29 MP: 7/7
  2203 | Sewer    | 2203 ||| Stepping ~*~*~tactically~*~*~ (water).
  2226 | Sewer    | 2226 ||| Stepping ~*~*~tactically~*~*~ (water).
  2229 | Sewer    | 2229 ||| Stepping ~*~*~tactically~*~*~ (water).
  2239 | Sewer    | 2239 ||| Stepping ~*~*~tactically~*~*~ (water).
  2287 | Sewer    | Reached skill level 9 in Ranged Weapons
  2366 | Sewer    | Reached skill level 1 in Armour
  2375 | Sewer    | Found a viscous altar of Jiyva.
  2377 | Sewer    | 2377 ||| Stepping ~*~*~tactically~*~*~ (water).
  2394 | Sewer    | 2394 ||| Stepping ~*~*~tactically~*~*~ (water).
  2420 | Sewer    | 2420 ||| READING scroll labelled QUPSIUSATS.
  2421 | Sewer    | 2421 ||| READING scroll labelled KANIFI WOXOL.
  2422 | Sewer    | 2422 ||| READING scroll labelled VINKUS ULIV.
  2436 | D:3      | 2436 ||| PLANNING D:1-11
  2827 | D:3      | Noticed Robin
  2833 | D:3      | 2833 ||| Stepping ~*~*~tactically~*~*~ (outnumbered).
  2841 | D:3      | Reached XP level 6. HP: 11/22 MP: 8/8
  2842 | D:3      | Killed from afar by Robin

Levels and vault maps discovered:
D:1:      lightli_molten_gateway, layout_basic
D:2:      layout_basic, basic_ecumenical_altar, uniq_jessica
D:3:      layout_basic, serial_shops, nicolae_shop_tiny_statue_garden,
          portal_sewer_entry_a, minmay_misc_feat_alley, uniq_robin

Skill      XL: |  1  2  3  4  5 |
---------------+----------------+-----
Ranged Weapons | 6 7 8 9 |  9.2
Armour         | 1 |  1.1
Fighting       | |  1.8
Dodging        | |  2.4
Stealth        | |  1.2

Action                     |  1- 3 |  4- 6 || total
---------------------------+-------+-------++-------
   Fire: Shortbow          |    63 |   164 ||   227
    Use: Scroll            |     5 |     6 ||    11
         Potion            |     1 |       ||     1
 Armour: Leather armour    |     1 |     3 ||     4
         Scale mail        |       |    63 ||    63
  Dodge: Dodged            |     3 |    58 ||    61

Table legend:
 A = Non-vault XP
 B = Vault XP
 C = Vault XP percentage of total XP
 D = Non-vault monster count
 E = Vault monster count
 F = Vault count percentage of total count
                 A         B        C        D         E       F
            +---------+---------+-------+---------+---------+-------
      Total |     115 |     266 |  69.8 |      44 |      37 |  45.7
            +---------+---------+-------+---------+---------+-------
        D:1 |      43 |       0 |   0.0 |      25 |       0 |   0.0
        D:2 |      47 |      37 |  44.0 |      11 |       1 |   8.3
        D:3 |      25 |      20 |  44.4 |       8 |      12 |  60.0
      Sewer |       0 |     209 | 100.0 |       0 |      24 | 100.0
            +---------+---------+-------+---------+---------+-------
